 Dungeon Crawl Stone Soup version 0.31-a0-627-gd65175cf8b (webtiles) character file.

Game seed: 2919807131827288014

7 GordonOverkill the Sneak (level 2, 0/16 HPs)
             Began as a Vine Stalker Delver on Aug 25, 2023.
             Slain by a worm (8 damage)
             ... on level 2 of the Dungeon.
             The game lasted 00:00:45 (376 turns).

GordonOverkill the Sneak (Vine Stalker Delver)       Turns: 376, Time: 00:00:45

Health: 0/16       AC:  3    Str: 14    XL:     2   Next: 0%
Magic:  0/3        EV: 12    Int: 10    God:
Gold:   18         SH:  0    Dex: 15    Spells: 1/1 levels left

rFire   . . .        a - +0 short sword
rCold   . . .        (no shield)
rNeg    . . .        b - +0 leather armour
rPois   .            (no helmet)
rElec   .            (no cloak)
rCorr   .            (no gloves)
SInv    .            (no boots)
Will    .....        (no amulet)
Stlth   +++          (no ring)
HPRegen 0.22/turn    (no ring)
MPRegen 0.08/turn

%: guardian spirit
@: no status effects
A: fangs 2, magic shield, antimagic bite, no potion heal 2
a: no special abilities


You were on level 2 of the Dungeon.
You visited 1 branch of the dungeon, and saw 5 of its levels.

You collected 18 gold pieces.

Inventory:

Hand Weapons
 a - a +0 short sword (weapon)
Armour
 b - a +0 leather armour (worn)
Wands
 g - a wand of digging (3)
Scrolls
 c - 2 scrolls of fog
 d - a scroll of revelation
 e - a scroll of fear
 h - a scroll of vulnerability {unknown}
 i - a scroll of noise {unknown}
 k - a scroll of identify {unknown}
Potions
 f - a potion of haste
 j - a potion of enlightenment {unknown}


   Skills:
 + Level 2.8 Fighting
 - Level 2.0 Short Blades
 + Level 1.8 Dodging
 - Level 6.0 Stealth


You had one spell level left.
You didn't know any spells.
Your spell library was empty.

Dungeon Overview and Level Annotations

Branches:
Dungeon (6/15)
 Temple: D:4-7

Altars:
Okawaru

Annotations:
D:5 exclusion: downstairs


Innate Abilities, Weirdness & Mutations

You have extremely sharp teeth.
When hurt, damage is shared between your health and your magic reserves.
Your bite disrupts and absorbs the magic of your enemies.
Potions cannot restore your health.


Message History

The jackal is moderately wounded.
The jackal bites you but does no damage.
You are too injured to fight recklessly!
You closely miss the jackal.
The jackal is moderately wounded.
The jackal closely misses you. The jackal misses you.
You are too injured to fight recklessly!
You hit the jackal.
You kill the jackal!
Training target 2.0 for Short Blades reached!
Your Short Blades skill increases to level 2!
You are too injured to fight recklessly!
You are too injured to fight recklessly!
You barely miss the rat.
You are too injured to fight recklessly!
You hit the rat.
You kill the rat!
You have reached level 2!
HP restored.
Things that are here:
a rat corpse; a jackal corpse You now have 18 gold pieces (gained 12).
Found an iron altar of Okawaru.
Found a robe.
Found a sling.
A worm comes into view.
A worm is nearby!
You hit the worm. You bite the worm. You drain its power.
The worm is moderately wounded.
The worm bites you!
Ouch! That really hurt!
* * * LOW HITPOINT WARNING * * *
You hit the worm. You bite the worm, but do no damage.
The worm is severely wounded.
You are too injured to fight recklessly!
You barely miss the worm.
The worm is severely wounded.
The worm bites you!
Ouch! That really hurt!
You die...

..###+##### #.......##.
..#.......#..
###.........>..#
#............###
#..........#....
######..........#....
#...w#..........#....
###...@#..[.##....#[...
..............#....#....
....#.........#....##...
... #...)#....#....+....
. #....#....#....##.##
.......#............##
......................
..............####.....
..............# #.....


You could see a worm.

Vanquished Creatures
  A goblin (D:2)
  2 jackals (D:2)
  A bat (D:2)
  3 rats (D:2)
7 creatures vanquished.

Notes
Turn   | Place    | Note
-------+----------+-------------------------------------------
     0 | D:5      | GordonOverkill the Vine Stalker Delver began the quest for
                  | the Orb.
     0 | D:5      | Reached XP level 1. HP: 11/11 MP: 2/2
     9 | D:6      | Noticed a wight
     9 | D:6      | Noticed a wight
    14 | D:5      | Noticed an iguana
   334 | D:2      | Reached XP level 2. HP: 12/16 MP: 3/3
   364 | D:2      | Found an iron altar of Okawaru.
   376 | D:2      | Slain by a worm

Illustrated notes

Levels and vault maps discovered:
D:2:      layout_basic, basic_altar, st_stairs_5
D:3:      layout_basic, uniq_robin, uniq_natasha
D:4:      layout_basic, mainiacjoe_overflow_24_doors,
          minmay_temple_entry_nine_rooms, st_stairs_13,
          minmay_hollow_rounded_squares
D:5:      layout_cave_pods
D:6:      layout_rooms, corner_web_ring, kennysheep_crisscross

Skill      XL: |  1 |
---------------+----+-----
Short Blades   | 2 |  2.0
Fighting       | |  2.8
Dodging        | |  1.8
Stealth        | |  6.0

Action                     || total
---------------------------++-------
  Melee: Short sword       ||    25
         Bite              ||     7
   Stab: Sleeping          ||     1
 Armour: Leather armour    ||     2
  Dodge: Dodged            ||     9

Table legend: (Time is in decaauts)
 A = Elapsed time spent in this place.
 B = Non-inter-level travel time spent in this place.
 C = Inter-level travel time spent in this place.
 D = Time resting spent in this place.
 E = Time spent auto-exploring this place.
 F = Levels seen in this place.
 G = Mean time per level.
                   A        B        C        D        E       F      G
               +--------+--------+--------+--------+--------+-----+--------+
         Total |    373 |    373 |      0 |      0 |    244 |   5 |   74.6 |
       Dungeon |    373 |    373 |      0 |      0 |    244 |   5 |   74.6 |
               +--------+--------+--------+--------+--------+-----+--------+

Top non-repeatable levels by time:
     D:2: 305 daAuts
     D:4: 34 daAuts
     D:5: 27 daAuts
     D:3: 3 daAuts
     D:6: 1 daAuts
